 Dungeon Crawl Stone Soup version 0.28.0 (webtiles) character file.

Game seed: 5044991775901460136

86 RighteousDevil the Chopper (level 4, 0/58 HPs)
             Began as a Hill Orc Monk on Feb 10, 2022.
             Slain by a thrashing horror (1 damage)
             ... on level 1 of the Abyss.
             The game lasted 00:03:13 (2373 turns).

RighteousDevil the Chopper (Hill Orc Monk)          Turns: 2373, Time: 00:03:13

Health: 0/58       AC: 22    Str: 15    XL:     4   Next: 49%
Magic:  4/4        EV:  2    Int: 10    God:
Gold:   48         SH:  0    Dex: 13    Spells: 3/3 levels left

rFire   . . .      SeeInvis .   a - +0 hand axe
rCold   . . .      Faith    .   (no shield)
rNeg    . . .      Spirit   .   (armour currently unavailable)
rPois   +          Reflect  .   (helmet currently unavailable)
rElec   .          Harm     .   (cloak currently unavailable)
rCorr   .          Rampage  .   (gloves currently unavailable)
Will    .....      NoTele   +   (boots currently unavailable)
Stlth   ++........              (no amulet)
HPRegen 0.19/turn               (no ring)
MPRegen 0.09/turn               (no ring)

@: tree-form
A: stationary, stasis, torment immunity, boosted hp
a: no special abilities


You were on level 1 of the Abyss.
You were a tree.
You visited 1 branch of the dungeon, and saw 2 of its levels.
You visited the Abyss 1 time.

You collected 48 gold pieces.

Inventory:

Hand Weapons
 a - a +0 hand axe (weapon)
Armour
 f - a +1 cloak (melded)
 j - a +0 chain mail (melded)
Scrolls
 c - a scroll of enchant armour {unknown}
 d - a scroll of identify {unknown}
 e - a scroll of teleportation {unknown}


   Skills:
 - Level 3.6 Fighting
 + Level 6.8 Axes
 - Level 2.4 Dodging
 - Level 1.5 Stealth


You had 3 spell levels left.
You didn't know any spells.
Your spell library contained the following spells:

 Spells                   Type           Power      Damage    Failure   Level
 Foxfire                  Conj/Fire      0%         2x1d4     36%         1
 Conjure Flame            Conj/Fire      0%         6-21      75%         3
 Inner Flame              Hex/Fire       0%         N/A       75%         3
 Flame Wave               Conj/Fire      0%         2d4       98%         4


Dungeon Overview and Level Annotations

Branches:
Dungeon (2/15)

Altars:
Trog


Message History

The thrashing horror tramples you!
The thrashing horror tramples you but does no damage.
The thrashing horror barely misses you. The thrashing horror tramples you.
You completely miss the thrashing horror.
Your punch misses the thrashing horror.
The thrashing horror is lightly damaged.
The thrashing horror tramples you but does no damage. x4
You closely miss the thrashing horror.
The thrashing horror is lightly damaged.
The thrashing horror tramples you but does no damage. x2
You cannot move.
You hit the thrashing horror.
The thrashing horror is lightly damaged.
The thrashing horror tramples you but does no damage.
The thrashing horror tramples you.
* * * LOW HITPOINT WARNING * * *
The thrashing horror tramples you!
* * * LOW HITPOINT WARNING * * *
The thrashing horror tramples you.
* * * LOW HITPOINT WARNING * * *
Unknown command.
Unknown command.
You hit the thrashing horror.
The thrashing horror is lightly damaged.
The thrashing horror tramples you but does no damage. x2
You closely miss the thrashing horror.
The thrashing horror is lightly damaged.
The thrashing horror tramples you but does no damage. x2
Unknown command.
The thrashing horror tramples you but does no damage.
The thrashing horror tramples you.
* * * LOW HITPOINT WARNING * * *
You barely miss the thrashing horror.
The thrashing horror is lightly damaged.
The thrashing horror tramples you but does no damage. x2
You cannot move.
You cannot move.
The thrashing horror tramples you but does no damage.
The thrashing horror tramples you.
You die...

. #.##..# ..##. . ##
... . ... . .. #...
.##. . . # . .. ...
.#. #..## . #. #.# .#
###..# ..... #.##.#
#..#. ..... #.#
#....#.# ## ##.##..
#...#.#.##...........
#.X♣.....#.. .. #
#....#.####.#.##..#
.......#. .### #.
####### ..# #.. ##..
.#. .#. ##


You could see a thrashing horror.

Vanquished Creatures
  An orc wizard (D:2)
  A gnoll (D:1)
  An adder (D:2)
  A dart slug (D:1)
  4 orcs (D:2)
  2 ball pythons (D:1)
  5 endoplasms
  2 giant cockroaches
  4 goblins
  2 hobgoblins
  5 kobolds
  5 bats (D:1)
  2 frilled lizards (D:1)
35 creatures vanquished.

Notes
Turn   | Place    | Note
-------+----------+-------------------------------------------
     0 | D:1      | RighteousDevil the Hill Orc Monk began the quest for the
                  | Orb.
     0 | D:1      | Reached XP level 1. HP: 19/19 MP: 1/1
   338 | D:1      | Reached XP level 2. HP: 26/26 MP: 2/2
   584 | D:1      | Reached skill level 5 in Axes
   958 | D:1      | Found a faded altar of an unknown god.
   962 | D:1      | Reached XP level 3. HP: 31/31 MP: 3/3
  1773 | D:2      | Reached skill level 6 in Axes
  1838 | D:2      | Found a bloodstained altar of Trog.
  2158 | D:2      | Reached XP level 4. HP: 21/39 MP: 4/4
  2327 | D:2      | Cast into level 1 of the Abyss (orc)
  2327 | Abyss:1  | Found a corrupted altar of Lugonu.
  2344 | Abyss:1  | Noticed a thrashing horror
  2371 | Abyss:1  | HP: 1/58 [thrashing horror (5)]
  2373 | Abyss:1  | Slain by a thrashing horror

Illustrated notes

Levels and vault maps discovered:
D:1:      kennysheep_arrival_forest, layout_basic, serial_curves,
          eino_curves_04, eino_curves_01, shapermc_ecumenical_altar_venn,
          hangedman_decor_growths
D:2:      layout_basic, basic_altar, minmay_cupped
Abyss:1:  base: D:1, evilmike_abyss_exit_12

Skill      XL: |  1  2  3 |
---------------+----------+-----
Axes           | 5 6 |  6.8
Fighting       | |  3.6
Dodging        | |  2.4
Stealth        | |  1.5

Action                   |  1- 3 |  4- 6 || total
-------------------------+-------+-------++-------
Melee: Hand axe          |   133 |    21 ||   154
       Punch             |     2 |       ||     2
  Use: Potion            |       |     3 ||     3
 Stab: Sleeping          |     2 |       ||     2
Armor: Robe              |    26 |       ||    26
       Chain mail        |    18 |    12 ||    30
       Leather armour    |     2 |       ||     2
       Skin              |       |    29 ||    29
Dodge: Dodged            |    79 |    10 ||    89
